[Event "*** Titled Tuesday Blitz"]
[Site "Chess.com"]
[Date "2020.11.10"]
[Round "7"]
[White "Vasily85"]
[Black "nochewycandy"]
[Result "1/2-1/2"]
[WhiteElo "2402"]
[BlackElo "2532"]
[TimeControl "180+1"]
[EndTime "11:22:00 PST"]
[Termination "Game drawn by agreement"]

1. d4 Nf6 2. Bg5 e6 3. e4 h6 4. Bxf6 Qxf6 5. c3 d6 6. Bc4 a6 7. Nd2 b5 8. Bb3 Bb7 9. Ngf3 Nd7 10.
Qe2 g5 11. Nf1 Bg7 12. a4 c6 13. Ne3 Qg6 14. Bc2 Qf6 15. e5 Qe7 16. Ng4 h5 17. exd6 Qxd6 18. Nge5 g4 19. Nd2 Nxe5 20. Ne4 Qc7 21. dxe5 Bxe5 22. Nc5 Bd6 23. Nxb7 Qxb7 24. axb5 axb5 25. O-O Ke7 26. Be4 Rxa1 27. Rxa1 Ra8 28.
Qf1 Rxa1 29. Qxa1 Qc7 30. g3 Bc5 31. Qa6 Bb6 32. Qa8 c5 33. Bc6 Qd8 34. Qxd8+ Bxd8 35. Bxb5 Kf6 36. Kg2 Be7 37. Bc4 Bd6 38. h3 Kg5 39.
hxg4 hxg4 40. Kf1 Kf6 41. Ke2 Ke5 42. Ke3 f5 43. Bb3 Be7 44. Bc4 Bg5+ 45. Ke2 Bc1 46. b4 cxb4 47. cxb4 Ba3 48. b5 Bc5 49. Bb3 Bb6 50.
Ba2 1/2-1/2

[Event "*** Titled Tuesday Blitz"]
[Site "Chess.com"]
[Date "2020.11.10"]
[Round "7"]
[White "GregShahade"]
[Black "TigrVShlyape"]
[Result "0-1"]
[WhiteElo "2689"]
[BlackElo "2862"]
[TimeControl "180+1"]
[EndTime "11:22:01 PST"]
[Termination "TigrVShlyape won by resignation"]

1. e4 e5 2. Nf3 Nc6 3. Bb5 a6 4. Ba4 Nf6 5. O-O Be7 6. Re1 b5 7. Bb3 d6 8. c3 O-O 9. h3 Nb8 10. d4 Nbd7 11. Nbd2 Bb7 12. Bc2 Re8 13. Nf1 Bf8 14.
Ng3 g6 15. a4 c5 16. d5 c4 17. Bg5 h6 18. Be3 Nc5 19. Qd2 Kh7 20. Ra3 Qc7 21.
Rea1 Rab8 22. Nh2 Bc8 23. axb5 axb5 24. Ra7 Rb7 25. Rxb7 Bxb7 26. Ng4 Nxg4 27. hxg4 Ra8 28. Qd1 Qc8 29. Rxa8 Qxa8 30. Bxc5 dxc5 31. Qb1 Bc8 32.
f3 Be7 33. Nf1 Bg5 34. Kf2 Bd7 35. Ne3 Qa6 36. Bd1 Qf6 37. Qc2 Qf4 38. Nf1 Bxg4 39. g3 Qf6 40. Nh2 Bd7 41. b3 cxb3 42. Qxb3 c4 43. Qb4 Qb6+ 44. Kg2 Kg7 45. Nf1 h5 46.
Be2 h4 47. Bxc4 h3+ 48. Kh1 Qf2 0-1

[Event "*** Titled Tuesday Blitz"]
[Site "Chess.com"]
[Date "2020.11.10"]
[Round "7"]
[White "Aygehovit1992"]
[Black "Fandorine"]
[Result "0-1"]
[WhiteElo "2672"]
[BlackElo "2836"]
[TimeControl "180+1"]
[EndTime "11:22:01 PST"]
[Termination "Fandorine won on time"]

1. e4 c5 2. Nf3 d6 3. d4 cxd4 4. Nxd4 Nf6 5. Nc3 a6 6. h3 e6 7. g4 b5 8. Bg2 Bb7 9. O-O Nc6 10. e5 Nxd4 11. exf6 Bxg2 12. fxg7 Bxg7 13. Kxg2 d5 14. f4 O-O 15. Ne2 Nxe2 16. Qxe2 b4 17. f5 Rc8 18. fxe6 fxe6 19. Qxe6+ Kh8 20. Rxf8+ Qxf8 21. Qf5 Qc5 22. Qd3 Qxc2+ 23. Qxc2 Rxc2+ 24. Kf3 a5 25. Bf4 Rxb2 26. Re1 Bc3 27. Re7 Kg8 28. h4 Rxa2 29.
g5 b3 30. h5 b2 31. Rb7 Ra1 32. Rb8+ Kf7 33. Rb7+ Ke6 34. Rb6+ Kf5 0-1

[Event "*** Titled Tuesday Blitz"]
[Site "Chess.com"]
[Date "2020.11.10"]
[Round "7"]
[White "FMKonstantin_Twitch"]
[Black "emperor87"]
[Result "1/2-1/2"]
[WhiteElo "2559"]
[BlackElo "2714"]
[TimeControl "180+1"]
[EndTime "11:22:03 PST"]
[Termination "Game drawn by repetition"]

1. Nf3 d5 2. g3 g6 3. Bg2 Bg7 4. O-O e5 5. d3 Ne7 6. c4 O-O 7. cxd5 Nxd5 8. Nc3 Ne7 9. Bd2 c5 10.
Qc1 Nbc6 11. Ne4 b6 12. Bh6 f6 13. Bxg7 Kxg7 14. Rd1 Be6 15. Qc3 Rc8 16. a3 Qd7 17.
Rac1 a5 18. b3 Nd5 19. Qb2 Nd4 20. e3 Nxf3+ 21. Bxf3 Bg4 22. Qe2 Bxf3 23. Qxf3 f5 24. Nc3 Nxc3 25. Rxc3 Rf6 26. d4 Rd6 27. d5 e4 28. Qe2 Rxd5 29. Rxd5 Qxd5 30. Qb5 Qc6 31. Qe2 Qd7 32. Qb2 Kg8 33. b4 Qd1+ 34. Kg2 Qf3+ 35.
Kg1 Rd8 36. Rc1 Rd1+ 37. Rxd1 Qxd1+ 38. Kg2 axb4 39. axb4 c4 40. Qe5 Qd7 41. b5 Kf7 42.
h4 Qe6 43. Qc7+ Kg8 44. Qc6 Kf7 45. Qc7+ Ke8 46. Qxh7 Kd8 47. Qh8+ Kc7 48. Qg7+ Kd6 49. Qd4+ Kc7 50. Qg7+ Kd6 51. Qd4+ Kc7 52. Qg7+ 1/2-1/2

[Event "*** Titled Tuesday Blitz"]
[Site "Chess.com"]
[Date "2020.11.10"]
[Round "7"]
[White "vanyakuba"]
[Black "ChelsieMonica"]
[Result "0-1"]
[WhiteElo "2485"]
[BlackElo "2361"]
[TimeControl "180+1"]
[EndTime "11:22:03 PST"]
[Termination "ChelsieMonica won by resignation"]

1. e4 Nc6 2. Nc3 e5 3. Nf3 Nf6 4. g3 Bb4 5. d3 Bxc3+ 6. bxc3 O-O 7. Bg2 d5 8. exd5 Nxd5 9. Bd2 Bg4 10. h3 Bh5 11. g4 Bg6 12. O-O e4 13. dxe4 Bxe4 14. Re1 Re8 15. Qe2 Qd7 16. Qb5 a6 17. Qc5 b6 18. Qc4 Na5 19. Qf1 c5 20. Ng5 Bxg2 21. Qxg2 Nf6 22. Bf4 h6 23. Nf3 Nd5 24. Bg3 Nxc3 25.
Ne5 Qd5 26. Qxd5 Nxd5 27. c4 Nb4 28. Rad1 f6 29. Nd7 Nxc4 30. Rxe8+ Rxe8 31. a3 Nc6 32. Rc1 N6a5 33. Bc7 Re7 34. Nxb6 Rxc7 35. Nxc4 Nxc4 36. Rxc4 Kf7 37. Kg2 Ke6 38. Kf3 Kd5 39. Rc3 Kd4 40.
Rc1 Kd3 41. Kf4 c4 0-1

[Event "*** Titled Tuesday Blitz"]
[Site "Chess.com"]
[Date "2020.11.10"]
[Round "7"]
[White "MPGM"]
[Black "Pavlov_Sergey"]
[Result "0-1"]
[WhiteElo "2475"]
[BlackElo "2623"]
[TimeControl "180+1"]
[EndTime "11:22:04 PST"]
[Termination "Pavlov_Sergey won by resignation"]

1. d4 Nf6 2. c4 e6 3. Nc3 Bb4 4. f3 c5 5. d5 O-O 6. e4 b5 7. Nh3 bxc4 8. Bxc4 Nxd5 9. Bxd5 exd5 10. Qxd5 Nc6 11.
O-O Ba6 12. Rd1 Nd4 13. Kh1 Qf6 14. Bg5 Qc6 15. Nf4 h6 16. Be7 Rfe8 17. Bd6 Nc2 18. Qxc6 dxc6 19. Rac1 Ne3 20. Re1 Nc4 21. a3 Bxc3 22.
Rxc3 Nxd6 23. Rxc5 Bb7 24. g4 Rad8 25. Kg2 Nb5 26. Re2 Nd4 27. Rf2 Ne6 28. Nxe6 Rxe6 29. h4 Red6 30. Kg3 Rd2 31. Rc2 Rxf2 32. Kxf2 Rd3 33. h5 Kf8 34. Kg3 Ke7 35. Kf4 Kd7 36.
Rc5 Bc8 37. g5 Kd6 38. Ra5 a6 39. g6 fxg6 40. hxg6 Ke6 41. Rf5 Rd7 42. Ke3 Re7 43. f4 Kd6 44. Rf8 Be6 45. f5 Bd5 46. f6 Rxe4+ 47. Kd3 gxf6 48. g7 Rg4 49. Rxf6+ Kc7 50. Rxh6 Rxg7 51. Rh3 Rf7 52. Kc3 Rf3+ 0-1

[Event "*** Titled Tuesday Blitz"]
[Site "Chess.com"]
[Date "2020.11.10"]
[Round "7"]
[White "FMOlexandrProhorov"]
[Black "grunbergmihai"]
[Result "0-1"]
[WhiteElo "2144"]
[BlackElo "2468"]
[TimeControl "180+1"]
[EndTime "11:22:04 PST"]
[Termination "grunbergmihai won on time"]

1. Nf3 d5 2. d4 c6 3. c4 Nf6 4. Nc3 g6 5. h3 Bg7 6. Bg5 O-O 7.
cxd5 Nxd5 8. Qb3 h6 9. Bd2 a5 10. e3 Na6 11. Be2 Be6 12. Nxd5 Bxd5 13. Bc4 a4 14. Qc2 b5 15. Be2 Qd6 16. O-O Rfc8 17. e4 Be6 18. Be3 Nb4 19. Qb1 a3 20. bxa3 Na6 21. Qd3 Nc7 22. Bc1 Bc4 23. Qe3 Bxe2 24.
Qxe2 Ne6 25. Bb2 Ra4 26. Rfd1 Nxd4 27. Nxd4 Bxd4 28. Bxd4 Rxd4 29. Rxd4 Qxd4 30. Rd1 Qc5 31. Qd2 Qxa3 32. Qxh6 Qxa2 33. h4 Qe2 34. Rd7 Qe1+ 35.
Kh2 Qxe4 36. f4 Qf5 0-1

[Event "*** Titled Tuesday Blitz"]
[Site "Chess.com"]
[Date "2020.11.10"]
[Round "7"]
[White "monalize"]
[Black "Das_Virus_2020"]
[Result "1/2-1/2"]
[WhiteElo "2307"]
[BlackElo "2415"]
[TimeControl "180+1"]
[EndTime "11:22:04 PST"]
[Termination "Game drawn by repetition"]

1. e4 e6 2. d4 d5 3. Nd2 Nf6 4. e5 Nfd7 5. Ndf3 c5 6. c3 Nc6 7. Bd3 cxd4 8. cxd4 f6 9. exf6 Nxf6 10. Ne2 Bd6 11. O-O O-O 12. b3 Qe8 13. Bb2 Qh5 14.
Ng3 Bxg3 15. fxg3 Bd7 16. Qe2 Rae8 17. Rae1 a6 18. Ne5 Qxe2 19. Rxe2 Nxe5 20. Rxe5 Ng4 21.
Rxf8+ Rxf8 22. Re2 Rc8 23. h3 Nf6 24. Rc2 Rxc2 25. Bxc2 Kf7 26. g4 h6 27. Kf2 Bc6 28.
Ke3 g5 29. Ba3 Ne4 30. Bb4 Bb5 31. a4 Bf1 32. Kf3 b6 33. a5 bxa5 34. Bxa5 Bb5 35. Bb4 Kg7 36. g3 Kf7 37. h4 Kg7 38. Be1 Kf7 39.
Ke3 Kg7 40. Bxe4 dxe4 41. Kxe4 Kf6 42. Bc3 Kf7 43. Ke5 Be2 44. hxg5 hxg5 45. Bd2 Bxg4 46.
Bxg5 Bf3 47. Bd2 Bd5 48. g4 Bxb3 49. g5 Kg6 50. Kd6 Bd5 51. Kc5 Kf5 52. Kd6 Kg6 53.
Kc5 Kf5 54. Kd6 Kg6 1/2-1/2

[Event "*** Titled Tuesday Blitz"]
[Site "Chess.com"]
[Date "2020.11.10"]
[Round "7"]
[White "chessmachine14"]
[Black "Malysch"]
[Result "0-1"]
[WhiteElo "2293"]
[BlackElo "2418"]
[TimeControl "180+1"]
[EndTime "11:22:06 PST"]
[Termination "Malysch won on time"]

1. e4 c5 2. Nf3 d6 3. d4 cxd4 4. Nxd4 Nf6 5. Nc3 Nc6 6. Bc4 e6 7. Be3 Be7 8. Qe2 O-O 9. O-O-O Qc7 10. Ndb5 Qb8 11. Bf4 e5 12. Bg5 a6 13. Bxf6 Bxf6 14.
Nxd6 Nd4 15. Rxd4 exd4 16. e5 dxc3 17. Nxf7 cxb2+ 18. Kb1 Rxf7 19. exf6 Bf5 20. Bxf7+ Kxf7 21. Qe7+ Kg6 22. Qxg7+ Kh5 23. g4+ Bxg4 24. Qxh7+ Kg5 25. Rg1 Qf4 26. h3 Kxf6 27. Rxg4 Qxf2 28. Qf7+ Kxf7 0-1

[Event "*** Titled Tuesday Blitz"]
[Site "Chess.com"]
[Date "2020.11.10"]
[Round "7"]
[White "StockholmMissile"]
[Black "lacafi"]
[Result "0-1"]
[WhiteElo "2370"]
[BlackElo "2131"]
[TimeControl "180+1"]
[EndTime "11:22:07 PST"]
[Termination "lacafi won by resignation"]

1. Nf3 f5 2. d3 Nf6 3. e4 fxe4 4. dxe4 Nxe4 5. Bd3 Nf6 6. Ng5 e6 7. Bxh7 Rxh7 8.
Nxh7 d5 9. Bg5 Be7 10. Nxf6+ gxf6 11. Qh5+ Kd7 12. Be3 c5 13. Nd2 Nc6 14. c3 b6 15.
O-O Ba6 16. Rfe1 Qg8 17. Qh3 Kc7 18. Bf4+ e5 19. Bg3 Nd8 20. f4 e4 21. c4 Nc6 22.
cxd5 Qxd5 23. Nxe4 Nd4 24. Nc3 Qf7 25. Bf2 Rd8 26.
Bxd4 cxd4 27. Ne4 d3 28. Qf5 d2 29. Red1 Bd3 30. Rxd2 Bc5+ 31. Rf2 Qc4 32. Re1 Bxe4 33.
Qxe4 Qxe4 34. Rxe4 Rd1+ 0-1

[Event "*** Titled Tuesday Blitz"]
[Site "Chess.com"]
[Date "2020.11.10"]
[Round "7"]
[White "canary2016"]
[Black "beto-betun"]
[Result "0-1"]
[WhiteElo "2006"]
[BlackElo "2196"]
[TimeControl "180+1"]
[EndTime "11:22:07 PST"]
[Termination "beto-betun won by checkmate"]

1. d4 Nf6 2. Bf4 g6 3. e3 Bg7 4. Nc3 O-O 5. e4 d6 6. Nf3 Nbd7 7. Bc4 c5 8. O-O Nb6 9. Be2 cxd4 10. Nb5 e5 11. Bg3 Nxe4 12. Re1 a6 13. Na3 Nxg3 14. hxg3 d5 15. c3 dxc3 16. bxc3 Be6 17. Nc2 Rc8 18. Qd2 Nc4 19. Bxc4 Rxc4 20. Nxe5 Re4 21. Rxe4 dxe4 22.
Qf4 Qb8 23. Qxe4 Qxe5 24. Qxb7 Qxc3 25. Rc1 Qd2 26. Qb1 Rc8 27. Rd1 Qxc2 28. Rd8+ Bf8 29. Qxc2 Rxc2 30. Ra8 Rxa2 31. Kh2 Kg7 32. Ra7 a5 33. Ra8 a4 34. Ra7 a3 35. Ra8 Ra1 36.
Ra7 a2 37. Ra8 Rb1 38. Rxa2 Bxa2 39. f4 Be7 40. f5 gxf5 41. g4 fxg4 42. g3 Rb2+ 43. Kh1 Bd5+ 44. Kg1 Bc5+ 45. Kf1 Bf3 46. Ke1 Bb4+ 47. Kf1 Rb1+ 48. Kf2 Rb2+ 49. Kf1 Re2 50. Kg1 Bc5+ 51. Kf1 Rg2 52. Ke1 Rxg3 53. Kf1 Rg1# 0-1

[Event "*** Titled Tuesday Blitz"]
[Site "Chess.com"]
[Date "2020.11.10"]
[Round "7"]
[White "LittleMyMoomin"]
[Black "Chamal_Gedgafov"]
[Result "0-1"]
[WhiteElo "1846"]
[BlackElo "2150"]
[TimeControl "180+1"]
[EndTime "11:22:07 PST"]
[Termination "Chamal_Gedgafov won by checkmate"]

1. d4 Nf6 2. c4 e6 3. Nf3 b6 4. g3 Ba6 5. Nbd2 d5 6. Qc2 Be7 7. Bg2 O-O 8. O-O Bb7 9. Ne5 Nfd7 10. Ndf3 dxc4 11. Nxc4 Na6 12. a3 c5 13. Rd1 Qc8 14. Nce5 Nxe5 15. Nxe5 Bxg2 16. Kxg2 Qb7+ 17. f3 Rac8 18. Qa4 Rfd8 19. Be3 Bf6 20. Ng4 Bxd4 21. Bxd4 cxd4 22. Rxd4 Nc5 23. Qd1 Rxd4 24. Qxd4 Nb3 25. Qd1 Nxa1 26. Qxa1 Qd5 27. Qb1 h5 28. Ne3 Qd2 29. Qe4 Qxe2+ 30. Kh3 Rd8 31. Qf4 Rd2 32. g4 hxg4+ 33. Nxg4 Qg2+ 34. Kh4 Rd5 35. Qb8+ Kh7 36. Qxa7 g5+ 37. Kh5 Qh3# 0-1

[Event "*** Titled Tuesday Blitz"]
[Site "Chess.com"]
[Date "2020.11.10"]
[Round "7"]
[White "Grandelicious"]
[Black "asms9699"]
[Result "1-0"]
[WhiteElo "2801"]
[BlackElo "2592"]
[TimeControl "180+1"]
[EndTime "11:22:08 PST"]
[Termination "Grandelicious won on time"]

1. e4 e6 2. d4 d5 3. e5 c5 4.
c3 Qb6 5. Nf3 Nc6 6. Bd3 Bd7 7.
O-O cxd4 8. Re1 dxc3 9. Nxc3 Nge7 10. h4 a6 11. h5 h6 12. a3 Na5 13. b4 Nc4 14. Bxc4 dxc4 15. Nd2 Rc8 16. Nde4 Nd5 17. Nxd5 exd5 18. Qxd5 Be6 19. Qd1 Rd8 20. Qf3 Rd3 21.
Be3 Qc6 22. Qf4 Be7 23. Rac1 b5 24. Bc5 Bxc5 25. Nxc5 Rd5 26. Rc3 O-O 27. Rg3 Kh8 28.
Ree3 a5 29. Rxg7 Kxg7 30. Rg3+ Kh7 31. Ne4 f5 32. Nf6+ Rxf6 33. exf6 Rd7 34. Rg6 1-0

[Event "*** Titled Tuesday Blitz"]
[Site "Chess.com"]
[Date "2020.11.10"]
[Round "7"]
[White "RamyresCoelho"]
[Black "Neftegor"]
[Result "0-1"]
[WhiteElo "2089"]
[BlackElo "2467"]
[TimeControl "180+1"]
[EndTime "11:22:08 PST"]
[Termination "Neftegor won by checkmate"]

1. e4 e5 2. Nf3 Nc6 3. d4 exd4 4.
Bc4 Bc5 5. c3 Nf6 6. e5 d5 7.
Bb5 Ne4 8. Nxd4 O-O 9. Bxc6 bxc6 10. O-O Bd7 11. Be3 Bb6 12. Nd2 c5 13. N4b3 Bb5 14.
Re1 c4 15. Nd4 Bxd4 16. Bxd4 Ng5 17. Nf3 Ne6 18. Qd2 c5 19. Be3 Bc6 20. Bg5 Qd7 21. Rad1 d4 22. cxd4 Bxf3 23. gxf3 Nxd4 24. Qe3 Qh3 25.
Rxd4 cxd4 26. Qxd4 Qxf3 27. Re3 Qf5 28. Rg3 Kh8 29.
Qh4 Rae8 30. f4 Re6 31. Rh3 h6 32. Qe1 Rg6 33. Qg3 Kg8 34. Rh5 Re8 35. h4 Qd3 36.
Kg2 Qe2+ 37. Kh3 Qxh5 38. f5 Rxg5 39. Qf3 Qxf3+ 40. Kh2 Qg2# 0-1

[Event "*** Titled Tuesday Blitz"]
[Site "Chess.com"]
[Date "2020.11.10"]
[Round "7"]
[White "ErikBlomqvist"]
[Black "Sergienko_Sergey"]
[Result "1-0"]
[WhiteElo "2464"]
[BlackElo "2286"]
[TimeControl "180+1"]
[EndTime "11:22:08 PST"]
[Termination "ErikBlomqvist won by resignation"]

1. e4 c5 2. Nf3 a6 3. c3 e6 4. d4 d5 5. e5 Bd7 6. Bd3 Nc6 7. O-O cxd4 8. cxd4 Qb6 9. Be2 Nge7 10. Nc3 Nf5 11. Na4 Qa7 12. Be3 Be7 13. Rc1 O-O 14. Nc5 Rad8 15.
Bd3 Nxe3 16. fxe3 Nb8 17. Qc2 g6 18. Qb3 b6 19. Nxd7 Nxd7 20. Rc6 Rc8 21. Qa4 Rxc6 22. Qxc6 b5 23. Rc1 Ra8 24. Qc7 Kg7 25. h4 Bd8 26. Qxa7 Rxa7 27. Rc8 Bb6 28. Ng5 h6 29.
Nf3 Rc7 30. Ra8 Ra7 31. Re8 Rc7 32. Kf2 Ba7 33. Nh2 Nb6 34. b3 h5 35. Nf3 Rc8 36. Re7 Bb8 37. Ng5 1-0

[Event "*** Titled Tuesday Blitz"]
[Site "Chess.com"]
[Date "2020.11.10"]
[Round "7"]
[White "Xeniya2005"]
[Black "ViktoriyaTarasova"]
[Result "1-0"]
[WhiteElo "2389"]
[BlackElo "2256"]
[TimeControl "180+1"]
[EndTime "11:22:08 PST"]
[Termination "Xeniya2005 won by resignation"]

1. e4 e5 2. Nf3 Nc6 3. Nc3 Nf6 4. Bb5 Bc5 5. O-O O-O 6. Nxe5 Nxe5 7. d4 Bd6 8. f4 Neg4 9. e5 Be7 10. f5 d6 11.
exf6 Nxf6 12. Qf3 c6 13. Bd3 d5 14. Bf4 Bd7 15. Ne2 Re8 16. Ng3 Bf8 17. Be5 Be7 18. Kh1 c5 19. c3 Bc6 20. Rae1 cxd4 21. cxd4 Bb4 22. Re2 Nd7 23. f6 g6 24. Nf5 Nxe5 25.
dxe5 d4 26. Nh6+ Kf8 27. Qf4 Qd7 28. Ng4 Kg8 29. h4 h5 30. Nh6+ Kh7 31. Qg5 Bf8 32. Nxf7 Qxf7 33. e6 Rxe6 34. Rxe6 Bh6 35. Bxg6+ Qxg6 36. Re7+ 1-0

[Event "*** Titled Tuesday Blitz"]
[Site "Chess.com"]
[Date "2020.11.10"]
[Round "7"]
[White "oskariot"]
[Black "crazy_but_lazy"]
[Result "1-0"]
[WhiteElo "2699"]
[BlackElo "2477"]
[TimeControl "180+1"]
[EndTime "11:22:09 PST"]
[Termination "oskariot won by resignation"]

1. e4 c6 2. d4 d5 3. Nd2 dxe4 4. Nxe4 Bf5 5. Ng3 Bg6 6. c3 e6 7. Nh3 Bd6 8. Nf4 Qc7 9. Qf3 Nf6 10. h4 Nbd7 11. h5 Bc2 12. h6 g6 13. Bd3 Bxd3 14.
Nxd3 O-O-O 15. Bg5 Be7 16. O-O Rhf8 17. a4 Nd5 18.
Bd2 e5 19. c4 N5b6 20. b3 exd4 21. a5 Na8 22. a6 b6 23. b4 f6 24. Bf4 Ne5 25.
Bxe5 fxe5 26. Qg4+ Kb8 27. Rae1 Bf6 28. Ne4 Qc8 29.
Qg3 Bh8 30. Ng5 Rf5 31. Nxe5 Nc7 32. Nxc6+ Ka8 33. Nxd8 Qxd8 34. Ne6 Nxe6 35. Rxe6 d3 36. Qxd3 Qxd3 37. Re8+ 1-0

[Event "*** Titled Tuesday Blitz"]
[Site "Chess.com"]
[Date "2020.11.10"]
[Round "7"]
[White "PIwan"]
[Black "ajdemipopushi"]
[Result "0-1"]
[WhiteElo "2530"]
[BlackElo "2414"]
[TimeControl "180+1"]
[EndTime "11:22:09 PST"]
[Termination "ajdemipopushi won on time"]

1. c4 c5 2. Nf3 g6 3. d4 Bg7 4.
d5 b5 5. cxb5 a6 6. bxa6 Bxa6 7.
Nc3 d6 8. e4 Bxf1 9. Kxf1 Nf6 10.
g3 O-O 11. Kg2 Nbd7 12. a4 Ra6 13. Qe2 Qa8 14. Nd2 Nb6 15. Nc4 Nxc4 16. Qxc4 Rb8 17. Nb5 Ra5 18. Ra3 Nd7 19. b3 Rbxb5 20. axb5 Rxa3 21.
Bxa3 Qxa3 22. Qa4 Qb4 23. Rc1 Bc3 24. Rc2 Kg7 25. Qxb4 cxb4 26. Ra2 Bd4 27. f4 f5 28. Kf3 Kf6 29. g4 fxg4+ 30. Kxg4 e6 31. dxe6 Kxe6 32. Ra8 Nc5 33. b6 Kd7 34. Rb8 Kc6 0-1

[Event "*** Titled Tuesday Blitz"]
[Site "Chess.com"]
[Date "2020.11.10"]
[Round "7"]
[White "northridgehawk"]
[Black "m_ezat"]
[Result "1-0"]
[WhiteElo "2288"]
[BlackElo "2470"]
[TimeControl "180+1"]
[EndTime "11:22:09 PST"]
[Termination "northridgehawk won on time"]

1. e4 c6 2. d4 d5 3. e5 c5 4. Nc3 Nc6 5. dxc5 d4 6. Ne4 Bf5 7.
Ng3 Bg6 8. Nf3 e6 9. a3 Bxc5 10.
b4 Bb6 11. Bb5 Ne7 12. O-O O-O 13. Re1 Rc8 14. Nh4 Qd5 15. Qe2 d3 16. Bxd3 Nd4 17. Qg4 Bxd3 18. cxd3 Nc2 19. Bh6 Ng6 20. Bxg7 Kxg7 21.
Nh5+ Kh8 22. Qg5 Bxf2+ 23. Kh1 Bxh4 24. Qh6 Rg8 25. Re4 Ne3 26. Qxe3 Rc2 27. Rf1 Rgc8 28. h3 Rc1 29. Rxc1 Rxc1+ 30. Qxc1 Qd8 31. Qf1 Be7 32.
Qxf7 Bf8 33. Nf6 Bg7 34. Rg4 Qxd3 35. Qe8+ 1-0

[Event "*** Titled Tuesday Blitz"]
[Site "Chess.com"]
[Date "2020.11.10"]
[Round "7"]
[White "AntonovaNadezhda"]
[Black "JiiHart"]
[Result "0-1"]
[WhiteElo "2127"]
[BlackElo "2072"]
[TimeControl "180+1"]
[EndTime "11:22:09 PST"]
[Termination "JiiHart won on time"]

1. d4 Nf6 2. Nf3 e6 3. Nbd2 c5 4. e3 Nc6 5. b3 d5 6. Bb2 cxd4 7. exd4 Bb4 8. c3 Bd6 9. Bd3 O-O 10. O-O e5 11.
dxe5 Nxe5 12. Nxe5 Bxe5 13. h3 Bc7 14. Nf3 Re8 15.
Re1 Be6 16. Bc2 Qd6 17. Qd2 Rad8 18. Rad1 Qf4 19. Qxf4 Bxf4 20. Nd4 a6 21. Re2 Bd6 22. Rde1 Bd7 23. Kf1 Rxe2 24. Rxe2 Bc5 25. Rd2 Re8 26. f3 Nh5 27. Bc1 Nf4 28. Rd1 Bxd4 29. Rxd4 Bb5+ 30. Kf2 Rd8 0-1

[Event "*** Titled Tuesday Blitz"]
[Site "Chess.com"]
[Date "2020.11.10"]
[Round "7"]
[White "Mikhal867"]
[Black "vrekhson"]
[Result "1-0"]
[WhiteElo "2339"]
[BlackElo "2201"]
[TimeControl "180+1"]
[EndTime "11:22:10 PST"]
[Termination "Mikhal867 won on time"]

1. e4 e5 2. Nf3 Nc6 3. Bb5 Nf6 4. O-O d6 5. d4 exd4 6. Nxd4 Bd7 7. Bxc6 bxc6 8.
Nc3 Be7 9. b3 Bg4 10. f3 Bh5 11.
Bb2 O-O 12. Nf5 Bg6 13. Nxe7+ Qxe7 14. Re1 Rfe8 15. Qd4 Qe5 16. Qa4 Qc5+ 17. Kh1 Re5 18. Ne2 Rh5 19. Ng3 Rh6 20. Bxf6 gxf6 21. Qc4 Qxc4 22.
bxc4 d5 23. Rab1 dxe4 24. fxe4 Rh4 25. Rb7 Rd8 26. Rxc7 Bxe4 27. Kg1 Bxc2 28. Rxc6 Rf4 29. Nh5 Rfd4 30. Nxf6+ Kg7 31. Nh5+ Kg8 32. Nf6+ Kg7 33. Nd5 Bd3 34. Ne3 Kf8 35. Rc7 a5 36. c5 Bb5 37.
Nf5 Rd2 38. Nd6 1-0

[Event "*** Titled Tuesday Blitz"]
[Site "Chess.com"]
[Date "2020.11.10"]
[Round "7"]
[White "Ural_bogatyr"]
[Black "sokidze"]
[Result "1-0"]
[WhiteElo "2409"]
[BlackElo "2557"]
[TimeControl "180+1"]
[EndTime "11:22:11 PST"]
[Termination "Ural_bogatyr won by resignation"]

1. e4 c5 2. Nf3 Nc6 3. c3 Nf6 4. e5 Nd5 5. d4 cxd4 6. cxd4 d6 7.
Nc3 dxe5 8. Nxe5 Nxc3 9. bxc3 Nxe5 10. dxe5 Qxd1+ 11. Kxd1 Bd7 12. Be3 e6 13. a4 Bc6 14.
Bb5 O-O-O+ 15. Ke2 Bxg2 16. Rhg1 Be4 17. Bxa7 g6 18.
Bb6 Rd5 19. c4 Bd3+ 20. Ke3 Bh6+ 21. f4 Rxe5+ 22. Kxd3 Bxf4 23. Kc3 Re2 24. a5 Be5+ 25. Kd3 Rxh2 26. Rae1 Rd8+ 27. Bxd8 Bf4 28. Bb6 e5 29. Rd1 f5 30. Kc3 Rh3+ 31. Kb4 1-0

[Event "*** Titled Tuesday Blitz"]
[Site "Chess.com"]
[Date "2020.11.10"]
[Round "7"]
[White "CM_rui"]
[Black "WPWPWP-2015"]
[Result "1-0"]
[WhiteElo "2404"]
[BlackElo "2523"]
[TimeControl "180+1"]
[EndTime "11:22:11 PST"]
[Termination "CM_rui won on time"]

1. e4 c5 2. Nf3 d6 3. c4 Nf6 4. Nc3 e6 5. d4 cxd4 6. Nxd4 Be7 7. Be2 O-O 8. Be3 a6 9. O-O Nbd7 10. Rc1 Nc5 11.
f3 Bd7 12. Qd2 Rc8 13. Rfd1 Re8 14. Qc2 a5 15. Bf1 a4 16. Ndb5 Qb6 17. Nxa4 Qa6 18. Nxc5 dxc5 19. e5 Nd5 20. cxd5 Bxb5 21. Bxb5 Qxb5 22.
d6 Bxd6 23. Rxd6 Qa5 24. a3 c4 25. f4 b5 26. Qd2 Qa8 27. Qd4 h6 28. Rd7 Qc6 29.
Bd2 h5 30. Bc3 h4 31. f5 h3 32. Rc2 hxg2 33. Rxg2 Qf3 34. f6 g6 35. Rxf7 Rcd8 36. Rxg6+ 1-0

[Event "*** Titled Tuesday Blitz"]
[Site "Chess.com"]
[Date "2020.11.10"]
[Round "7"]
[White "kasparicy"]
[Black "szachuspl"]
[Result "1-0"]
[WhiteElo "2402"]
[BlackElo "2520"]
[TimeControl "180+1"]
[EndTime "11:22:11 PST"]
[Termination "kasparicy won by resignation"]

1. e4 c5 2. Nf3 a6 3. Nc3 Nc6 4. d4 cxd4 5. Nxd4 e5 6. Nb3 Nf6 7. Be2 Bb4 8. O-O Bxc3 9. bxc3 Nxe4 10. Bd3 Nf6 11. Ba3 d6 12. f4 O-O 13. fxe5 Nxe5 14. Nd4 Re8 15. Nf5 Bxf5 16. Rxf5 Neg4 17. Qf3 Qb6+ 18.
Kh1 Re3 19. Qf1 Rae8 20. h3 Rxd3 21. cxd3 Ne3 22. Qf2 Qc6 23. Rf3 Ned5 24. c4 Ne7 25.
Bb2 Ng6 26. Bxf6 gxf6 27. Rxf6 Re7 28. Rf1 Qd7 29. Qg3 d5 30. h4 Kf8 31. h5 Ne5 32. h6 Ng6 33. Rxg6 hxg6 34. Qxg6 Qe6 35. Qg7+ Ke8 36.
h7 Kd7 37. h8=Q Qe2 38. Qf6 dxc4 39. dxc4 Kc7 40. Qh2+ Kc8 41. Qf5+ 1-0

[Event "*** Titled Tuesday Blitz"]
[Site "Chess.com"]
[Date "2020.11.10"]
[Round "7"]
[White "mapleaff"]
[Black "maximnovik"]
[Result "1-0"]
[WhiteElo "2393"]
[BlackElo "2511"]
[TimeControl "180+1"]
[EndTime "11:22:11 PST"]
[Termination "mapleaff won by resignation"]

1. e4 c6 2. Nf3 d5 3. d3 g6 4. Nc3 Bg7 5. h4 Bg4 6. Be2 e6 7. Bg5 Qb6 8. Qc1 h6 9. Bf4 Nd7 10. a4 a5 11. Ra3 Ne7 12. Rb3 Qa7 13. Bd6 Nc8 14. Ba3 Nc5 15. Bxc5 Qxc5 16. Qf4 Bxf3 17.
Bxf3 d4 18. Ne2 Qxc2 19. Rxb7 O-O 20. O-O Qxd3 21. e5 Qa6 22. Rd7 Nb6 23. Rd6 Nd5 24.
Bxd5 cxd5 25. Rxa6 Rxa6 26. Nxd4 Rb6 27. Nb5 Rc8 28. Rc1 Rbc6 29. Rxc6 Rxc6 30. Qd4 Rc4 31. Qa7 Bxe5 32. g3 Rxa4 33. Qa8+ Kg7 34. Na7 Rb4 35.
Nc6 Re4 36. Nxe5 Rxe5 37. Qxa5 Re2 38. Kf1 Rc2 39. b4 d4 40. Qe5+ Kg8 41. Qxd4 h5 42. Kg2 Rc1 43. b5 Rb1 44. b6 Rb5 45. Qd8+ Kg7 46.
Qc7 Rb2 47. Qe5+ 1-0

[Event "*** Titled Tuesday Blitz"]
[Site "Chess.com"]
[Date "2020.11.10"]
[Round "7"]
[White "Javylavilla"]
[Black "Klavdia_Nik"]
[Result "1-0"]
[WhiteElo "2255"]
[BlackElo "2110"]
[TimeControl "180+1"]
[EndTime "11:22:11 PST"]
[Termination "Javylavilla won on time"]

1. e4 g6 2. d4 d6 3. Nc3 Bg7 4.
f4 c5 5. d5 Nf6 6. Nf3 O-O 7. Bc4 Na6 8. O-O Nc7 9. a4 b6 10.
e5 Nfe8 11. Ne4 Ba6 12. Bxa6 Nxa6 13. c4 Nb4 14. e6 fxe6 15. dxe6 Qc8 16. Re1 Nc7 17.
Nxd6 exd6 18. e7 Rf6 19. Ng5 Qf5 20. Qf3 d5 21. cxd5 Nbxd5 22. g4 Qd7 23. Ra3 Re8 24. Rd3 Rd6 25. f5 Bd4+ 26. Rxd4 cxd4 27. Bf4 Rxe7 28. Rxe7 Qxe7 29. Bxd6 Qe3+ 30. Qxe3 dxe3 31. fxg6 hxg6 32. Kf1 Ne8 33. Be5 Kf8 34. Ke2 Ke7 35. h4 a6 36. h5 gxh5 37. gxh5 Nef6 38. h6 Kf8 39.
h7 1-0